Map: Overgrowth LE (Void)

Players

PiG

  • Race: Protoss Protoss
  • League: Master
  • Spawn Location: 1:00

WhosJohnGalt - Winner!

  • Race: Zerg Zerg
  • League: Master
  • Spawn Location: 7:00

VOD

Have the link to the VOD?

Description

Ling pressure into Ling Bane Hydra

Time

  • Played on: Nov. 27, 2016, 6:02 p.m.
  • Length: 9:35
Show
View Real Time Build Order
Export as new Build Order

PiG Protoss 

Build Orders: 1 Gate Expand, Oracle Opening 

Get SALT Encoding   

  12  0:01  Probe (Chrono Boost)  
  13  0:11  Probe (Chrono Boost)  
  14  0:20  Pylon  
  14  0:22  Probe (Chrono Boost)  
  15  0:38  Probe (Chrono Boost)  
  15  0:41  Gateway  
  16  0:44  Assimilator  
  16  0:49  Probe (Chrono Boost)  
  17  0:59  Probe (Chrono Boost)  
  18  1:15  Probe (Chrono Boost)  
  19  1:23  Nexus  
  19  1:32  Cybernetics Core  
  19  1:36  Probe (Chrono Boost)  
  20  1:40  Assimilator  
  20  1:46  Probe (Chrono Boost)  
  21  1:55  Pylon  
  21  1:57  Probe (Chrono Boost)  
  22  2:08  Warp Gate  
  22  2:10  Adept  
  24  2:18  Probe (Chrono Boost)  
  26  2:30  Probe (Chrono Boost)  
  26  2:35  Stargate  
  26  2:37  Probe (Chrono Boost)  
  26  2:42  Probe (Chrono Boost)  
  28  2:46  Adept  
  28  2:48  Probe (Chrono Boost)  
  31  2:56  Gateway  
  31  2:58  Gateway  
  31  3:00  Probe (Chrono Boost)  
  31  3:01  Probe (Chrono Boost)  
  33  3:12  Probe x2 (Chrono Boost)  
  35  3:22  Probe (Chrono Boost)  
  35  3:23  Oracle  
  35  3:24  Zealot, Probe (Chrono Boost), Pylon  
  39  3:33  Probe (Chrono Boost)  
  43  3:38  Pylon  
  43  3:39  Pylon  
  43  3:44  Mothership Core (Chrono Boost)  
  39  3:54  Oracle  
  39  4:02  Probe (Chrono Boost)  
  44  4:04  Probe (Chrono Boost)  
  44  4:14  Probe (Chrono Boost)  
  44  4:16  Probe (Chrono Boost)  
  45  4:26  Probe (Chrono Boost), Adept x3  
  45  4:28  Probe (Chrono Boost)  
  53  4:38  Probe (Chrono Boost)  
  53  4:40  Probe (Chrono Boost)  
  54  4:50  Forge, Pylon  
  54  4:53  Twilight Council  
  54  4:56  Nexus  
  54  5:09  Probe x2 (Chrono Boost)  
  54  5:13  Protoss Ground Weapons Level 1  
  56  5:17  Pylon  
  56  5:19  Pylon  
  56  5:21  Probe x2 (Chrono Boost), Pylon  
  58  5:22  Robotics Facility  
  58  5:28  Assimilator  
  58  5:32  Assimilator  
  58  5:33  Probe (Chrono Boost)  
  58  5:34  Probe (Chrono Boost)  
  60  5:46  Charge, Probe x2 (Chrono Boost), Pylon  
  64  5:58  Probe x2 (Chrono Boost)  
  64  6:05  Pylon  
  64  6:10  Templar Archives, Probe x2 (Chrono Boost)  
  66  6:12  Gateway, Probe (Chrono Boost)  
  66  6:13  Gateway  
  66  6:14  Assimilator  
  66  6:16  Gateway  
  66  6:18  Assimilator  
  67  6:22  Probe x2 (Chrono Boost)  
  67  6:23  Probe (Chrono Boost)  
  72  6:34  Probe x2 (Chrono Boost)  
  72  6:40  Psionic Storm  
  72  6:41  Probe (Chrono Boost)  
  72  6:43  Warp Prism  
  72  6:46  Probe x2 (Chrono Boost)  
  74  6:49  Gateway  
  74  6:52  Probe (Chrono Boost)  
  74  6:53  Gateway, Pylon  
  75  6:55  Pylon  
  75  6:58  Probe (Chrono Boost)  
  75  7:00  Probe (Chrono Boost)  
  75  7:01  Gateway  
  77  7:02  High Templar x3  
  77  7:06  Probe (Chrono Boost)  
  84  7:10  Probe (Chrono Boost)  
  84  7:13  Probe (Chrono Boost)  
  86  7:34  Robotics Facility, Immortal  
  91  7:38  Probe (Chrono Boost)  
  91  7:44  High Templar  
  91  7:45  High Templar  
  91  7:47  High Templar  
  91  7:48  Zealot x3  
  103  8:05  Nexus  
  103  8:08  Assimilator  
  103  8:13  Immortal, Assimilator  
  103  8:15  Zealot x5  
  103  8:16  Immortal  
  103  8:19  High Templar  
  119  8:23  Archon  
  123  8:36  Zealot  
  125  8:42  Pylon  
  125  8:44  Pylon  
  125  8:46  Pylon  
  125  8:47  Immortal  
  125  8:48  Pylon  
  118  9:06  High Templar x2  
  118  9:07  High Templar x2  
  130  9:10  Zealot x5  
  130  9:11  Nexus, Archon x2  
  130  9:14  Pylon  
  142  9:18  Probe x2 (Chrono Boost)  
  142  9:23  Probe (Chrono Boost)  
Show
View Real Time Build Order
Export as new Build Order

WhosJohnGalt Zerg - Winner!

Build Orders: Pool First 

Get SALT Encoding   

  12  0:00  Drone  
  13  0:12  Overlord  
  13  0:17  Drone  
  14  0:31  Drone x2  
  14  0:35  Drone  
  17  0:45  Spawning Pool  
  17  0:47  Drone  
  17  0:55  Drone  
  18  1:00  Extractor  
  17  1:16  Hatchery, Drone  
  17  1:20  Drone  
  18  1:31  Queen  
  18  1:32  Zergling x2  
  21  1:45  Drone  
  22  1:52  Overlord  
  22  2:01  Metabolic Boost  
  22  2:10  Queen  
  22  2:11  Drone x2  
  26  2:29  Drone x2  
  28  2:34  Hatchery  
  27  2:42  Zergling x8  
  30  2:44  Zergling x2  
  30  2:51  Overlord  
  31  2:55  Zergling x2  
  32  3:02  Drone x2  
  34  3:11  Overlord  
  34  3:13  Drone x3  
  34  3:14  Drone  
  38  3:22  Drone x3  
  38  3:24  Drone  
  42  3:29  Drone  
  42  3:31  Queen  
  44  3:45  Drone x2  
  45  3:52  Spore Crawler  
  45  3:53  Spore Crawler  
  45  3:54  Drone x2  
  45  3:56  Drone  
  45  4:02  Lair  
  46  4:03  Drone x4  
  46  4:06  Drone x2  
  46  4:07  Drone  
  46  4:08  Spore Crawler  
  46  4:09  Drone  
  53  4:16  Drone x3  
  53  4:26  Drone x4  
  57  4:34  Extractor  
  57  4:35  Extractor  
  57  4:36  Drone x3, Extractor x2  
  57  4:37  Drone x2  
  57  4:39  Overlord x3  
  57  4:47  Baneling Nest  
  56  4:55  Drone x2  
  56  4:57  Zergling x4  
  56  4:58  Zergling x10  
  65  5:02  Extractor  
  61  5:11  Drone  
  61  5:12  Drone x2  
  61  5:13  Drone  
  65  5:16  Drone x5  
  70  5:25  Hydralisk Den, Evolution Chamber  
  70  5:28  Evolution Chamber  
  67  5:31  Drone x4  
  67  5:32  Drone x2  
  67  5:33  Drone  
  72  5:49  Centrifical Hooks  
  70  5:51  Zerg Melee Weapons Level 1  
  70  5:53  Zerg Missile Weapons Level 1  
  70  5:58  Zergling x2  
  70  5:59  Zergling x8, Hydralisk x3  
  70  6:03  Grooved Spines  
  81  6:07  Hatchery  
  81  6:10  Overlord  
  80  6:11  Overlord  
  80  6:12  Overlord x2  
  80  6:14  Zergling x2  
  79  6:31  Queen x2  
  81  6:41  Hydralisk x9  
  99  6:48  Drone x4  
  103  6:59  Hydralisk x4  
  111  7:01  Hydralisk  
  113  7:14  Muscular Augments  
  113  7:17  Overlord x3  
  113  7:18  Overlord  
  113  7:22  Zergling x2  
  114  7:23  Zergling x10  
  119  7:36  Zergling x16  
  127  7:38  Overseer  
  127  7:57  Hydralisk x3  
  127  7:58  Zergling x2, Hydralisk  
  135  7:59  Zergling x18  
  145  8:09  Zergling x6  
  145  8:10  Zergling x2  
  149  8:19  Spore Crawler  
  148  8:21  Zergling x8  
  148  8:25  Baneling x14  
  148  8:26  Baneling x11  
  152  8:29  Overlord x3  
  152  8:45  Overlord x3  
  138  8:56  Zergling x2  
  138  8:57  Zergling x16  
  138  9:02  Baneling x12  
  147  9:03  Baneling x3  
  147  9:09  Drone x2  
  151  9:10  Drone x6  
Tags
 
Add a new tag
Caveats
  • Supply blocks, unpowered buildings, or Contaminate may cause inaccurate times.
  • Supply counts are checked every 10 seconds.